 Dungeon Crawl Stone Soup version 0.26-a0-812-g31a745ddcd (webtiles) character file.

Game seed: 14600815254440080935

135604 lorenzova the Eclecticist (level 16, -4/76 HPs)
             Began as a Deep Elf Conjurer on Nov 24, 2020.
             Was the Champion of Vehumet.
             Slain by an alligator (16 damage)
             ... led by an alligator
             ... on level 2 of the Swamp on Nov 26, 2020.
             The game lasted 01:37:48 (32738 turns).

lorenzova the Eclecticist (Deep Elf Conjurer)      Turns: 32738, Time: 01:37:49

Health: -4/76      AC:  6    Str: 14    XL:     16   Next: 64%
Magic:  0/41       EV: 11    Int: 41    God:    Vehumet [******]
Gold:   1869       SH:  5    Dex: 13    Spells: 9/54 levels left

rFire    . . .     SeeInvis .   E - staff of conjuration
rCold    . . .     Faith    .   F - +1 buckler {rPois}
rNeg     . . .     Spirit   .   O - +0 ring mail of Wiurremu {Str+8 Int+4}
rPois    +         Reflect  .   c - -2 helmet of Otu Iguh {MR++ Str+2}
rElec    .         Harm     .   o - +0 cloak
rCorr    .         Rampage  .   l - +0 pair of gloves
MR       +++..                  (no boots)
Stlth    +.........             k - amulet of magic regeneration
HPRegen  0.22/turn              j - ring of wizardry
MPRegen  0.52/turn              p - +6 ring of intelligence

@: very slow
A: no striking features
a: Renounce Religion


You were on level 2 of the Swamp.
You worshipped Vehumet.
Vehumet was exalted by your worship.
You visited 5 branches of the dungeon, and saw 24 of its levels.
You also visited: Ice Cave.

You collected 2539 gold pieces.
You spent 670 gold pieces at shops.

Inventory:

Hand Weapons
 d - the +7 mace of Variability {chain chaos}
   (You found it on level 10 of the Dungeon)

   Each time it hits an enemy it has a different, random effect.
 G - the +2 short sword of Hyto {vorpal, *Slow rC+++ rN+ MP+9}
   (You found it in an ice cave)

   It inflicts extra damage upon your enemies.
   It renders you almost immune to cold.
   It protects you from negative energy.
   It affects your magic capacity (+9).
   It may slow you when you take damage.
Armour
 c - the -2 helmet of Otu Iguh (worn) {MR++ Str+2}
   (You acquired it on level 6 of the Lair of Beasts)

   It affects your strength (+2).
   It affects your resistance to hostile enchantments.
 h - a +2 hat
 l - a +0 pair of gloves (worn)
 o - a +0 cloak (worn)
 F - a +1 buckler of poison resistance (worn)
 O - the +0 ring mail of Wiurremu (worn) {Str+8 Int+4}
   (You found it on level 12 of the Dungeon)

   It affects your strength (+8).
   It affects your intelligence (+4).
 P - a +0 ring mail of poison resistance
Magical Staves
 E - an uncursed staff of conjuration (weapon)
Jewellery
 j - a ring of wizardry (left hand)
 k - an amulet of magic regeneration (around neck)
 p - a +6 ring of intelligence (right hand)
 B - the ring "Kyeta" {rF+ Stlth+}
   (You took it off an orc warrior on level 9 of the Dungeon)

   [ring of stealth]

   It protects you from fire.
   It makes you more stealthy.
 U - an uncursed amulet of the acrobat
Wands
 v - a wand of digging (5)
 C - a wand of acid (25)
Scrolls
 a - a scroll of identify
 f - 3 scrolls of remove curse
 i - a scroll of holy word
 n - 4 scrolls of enchant armour
 u - 7 scrolls of magic mapping
 w - 8 scrolls of teleportation
 x - a scroll of brand weapon
 y - 6 scrolls of amnesia
 z - a scroll of fog
 A - 4 scrolls of fear
 D - a scroll of silence
 K - 2 scrolls of blinking
Potions
 b - a potion of mutation
 e - 8 potions of brilliance
 g - 5 potions of curing
 m - a potion of resistance
 q - 8 potions of heal wounds
 r - a potion of cancellation
 s - 2 potions of ambrosia
 t - 3 potions of haste
 N - a potion of magic
 V - 2 potions of flight


   Skills:
 - Level 2.4 Dodging
 - Level 2.4 Stealth
 + Level 1.5 Shields
 * Level 19.5 Spellcasting
 * Level 17.2 Conjurations
 - Level 9.0 Hexes
 - Level 6.0 Translocations
 * Level 15.3 Fire Magic
 * Level 11.5 Air Magic


You had 9 spell levels left.
You knew the following spells:

 Your Spells              Type           Power        Failure   Level
a - Magic Dart            Conj           ####         0%          1
b - Searing Ray           Conj           ######       0%          2
c - Iskenderun's Mystic   Conj/Tloc      ########     1%          4
d - Fulminant Prism       Conj/Hex       ########..   1%          4
f - Fireball              Conj/Fire      ########..   1%          5
i - Ignition              Fire           ########..   2%          8
l - Lightning Bolt        Conj/Air       ########..   1%          5
o - Orb of Destruction    Conj           ########..   1%          7
p - Blink                 Tloc           N/A          1%          2
s - Sticky Flame          Conj/Fire      ########     0%          4
x - Conjure Flame         Conj/Fire      ########     0%          3

Your spell library contained the following spells:

 Spells                   Type           Power        Failure   Level
 Iron Shot                Conj/Erth      ########..   1%          6
 Beastly Appendage        Tmut           #####.       1%          1
 Freeze                   Ice            ####         1%          1
 Sting                    Tmut/Pois      ####         1%          1
 Summon Small Mammal      Summ           ####         1%          1
 Call Imp                 Summ           #####...     1%          2
 Poisonous Vapours        Pois/Air       ######       1%          2
 Slow                     Hex            #######.     1%          2
 Wereblood                Tmut           #####...     1%          2
 Dazzling Flash           Conj/Hex       ######       1%          3
 Frozen Ramparts          Ice            #####.       1%          3
 Ignite Poison            Fire/Tmut/Pois ######..     1%          3
 Mephitic Cloud           Conj/Pois/Air  ########     1%          3
 Summon Guardian Golem    Hex/Summ       ######..     1%          3
 Hailstorm                Conj/Ice       ########     1%          4
 Summon Lightning Spire   Summ/Air       ######..     1%          4
 Starburst                Conj/Fire      ########..   1%          6
 Call Canine Familiar     Summ           #####...     2%          3
 Ozocubu's Armour         Ice            #####...     2%          3
 Olgreb's Toxic Radiance  Pois           #####...     2%          4
 Chain Lightning          Conj/Air       ########..   4%          8
 Petrify                  Tmut/Erth      #####...     8%          4
 Summon Ice Beast         Ice/Summ       #####...     8%          4
 Fire Storm               Conj/Fire      ########..   22%         9
 Lehudib's Crystal Spear  Conj/Erth      ########..   32%         8
 Hydra Form               Tmut           #####.....   69%         6
 Statue Form              Tmut/Erth      #####....    69%         6
 Malign Gateway           Summ/Tloc      ######....   85%         7
 Monstrous Menagerie      Summ           #####.....   99%         7
 Summon Greater Demon     Summ           #####.....   99%         7
 Summon Horrible Things   Summ           #####.....   100%        8
 Absolute Zero            Ice            #####.....   100%        9


Dungeon Overview and Level Annotations

Branches:
Dungeon (12/15)            Temple (1/1) D:6            Lair (6/6) D:10
  Swamp (3/4) Lair:2       Spider (0/4) Lair:3        Slime (0/5) Lair:6
    Orc (2/2) D:10            Elf (0/3) Orc:2         IceCv (visited)

Altars:
Ashenzari
Cheibriados
Elyvilon
Fedhas
Gozag
Hepliaklqana
Kikubaaqudgha
Makhleb
Nemelex Xobeh
Okawaru
Qazlal
Ru
Sif Muna
Trog
Uskayaw
Vehumet
Wu Jian
Xom
Yredelemnul
Zin
The Shining One
Beogh
Jiyva

Shops:
D:8 [   D:10 ?   Orc:2 !?[=

Annotations:
D:5 3 runed translucent doors, Danir's ghost, novice DsFi
D:6 2 transporters, harkrass's ghost, amateur GnSu
D:7 Maggie
Orc:1 2 transporters, kannibaal's ghost, journeyman MiBe


Message History

Casting: Conjure Flame (safe; 0% risk of failure)
Confirm with . or Enter, or press ? or * to list all spells.
You don't have enough magic to cast that spell.
Casting: Conjure Flame (safe; 0% risk of failure)
Confirm with . or Enter, or press ? or * to list all spells.
You don't have enough magic to cast that spell.
Casting: Conjure Flame (safe; 0% risk of failure)
Confirm with . or Enter, or press ? or * to list all spells.
You don't have enough magic to cast that spell.
Unknown command.
You enter the shallow water.
Moving in this stuff is going to be slow.
The alligator bites you!
* * * LOW HITPOINT WARNING * * *
You block the alligator's attack.
Casting: Conjure Flame (safe; 0% risk of failure)
Confirm with . or Enter, or press ? or * to list all spells.
You feel a surge of power!
You erupt in a blast of force!
The mystic blast misses the alligator.
The alligator bites you!
You die...

♣.♣≈≈♣ ♣♣≈.≈♣♣.♣ ♣.♣♣♣♣♣♣
♣.♣♣.♣♣♣..≈.≈..♣ ♣..♣.♣≈♣♣
♣♣.♣♣.♣♣≈..≈♣..♣♣♣ ♣♣..≈...♣
♣≈≈.♣..♣♣..♣♣≈♣≈≈♣♣♣ ♣♣≈..≈.♣
♣♣.♣♣..♣♣..♣...≈≈≈≈♣ ♣..†≈.♣♣
♣.♣♣≈≈..≈.....≈≈≈♣♣ ♣♣≈..≈♣
♣♣.♣♣≈≈.♣....≈.....♣ ♣≈≈.♣♣
♣♣§≈≈♣<...#.#)≈)≈<♣♣♣♣♣♣ ♣♣≈.♣♣
♣≈≈≈≈..♣.#.#.#.§@≈§♣♣..♣♣ ♣≈♣.♣
♣♣.≈.♣..#.#.#.#t§≈......♣♣♣.♣.♣
♣♣≈≈≈♣...#...#..≈≈.≈≈≈^≈...♣♣♣♣
♣≈.≈≈♣..#.#.#[#..≈..§♣.≈..≈♣
≈≈≈≈.♣.§.#.#.#.§...≈.♣♣♣..§♣
≈≈≈≈≈≈..≈.#.#.≈...≈.≈≈♣♣♣♣.♣
≈≈♣≈≈≈≈≈≈....≈§.♣♣♣.≈.♣♣ ♣.♣
≈.≈...≈..≈.≈...≈.♣♣.§≈.♣♣♣♣♣
.≈≈≈≈.♣..≈≈.≈≈.≈≈.[.....♣


You could see an alligator (swift).

Vanquished Creatures
  Rupert (Orc:2)
  Kirke (Lair:6)
  Frances (Swamp:1)
  Gastronok (Lair:3)
  Nessos (Orc:2)
  3 bunyips
  A blizzard demon (IceCv)
  An eleionoma (Swamp:2)
  A fire dragon (Lair:1)
  A slime creature (D:12)
  12 hydras
  A boulder beetle (D:12)
  2 ghost crabs (Swamp:1)
  2 catoblepae
  9 alligators
  2 two-headed ogres
  3 orc high priests (Orc:2)
  14 death yaks
  4 goliath frogs
  A fire crab (Lair:6)
  A spriggan druid (Swamp:1)
  5 bog bodies
  A lindwurm (Lair:6)
  4 wolf spiders
  5 orc knights
  4 orc sorcerers
  A deep elf mage (D:12)
  An ugly thing (D:12)
  4 oklob plants (Lair:5)
  23 elephants
  2 ice statues (IceCv)
  A torpor snail (Lair:3)
  12 black mambas
  A centaur zombie (D:12)
  A guardian serpent (Lair:6)
  15 cane toads
  A rime drake (Lair:6)
  A kobold demonologist (D:12)
  15 komodo dragons
  12 ice devils (IceCv)
  10 polar bears
  A jumping spider (Lair:3)
  14 hornets
  Grinder (D:3)
  3 bloated husks
  5 tyrant leeches
  17 blink frogs
  8 trolls
  2 redbacks (Lair:6)
  15 spriggans
  A shadow (D:12)
  74 yaks
  Grum (D:10)
  21 wyverns
  3 basilisks
  6 hogs (Lair:6)
  2 steam dragons
  2 chaos spawn (D:10)
  13 swamp worms
  5 wargs
  5 vampire mosquitoes
  Edmund (D:4)
  23 water moccasins
  17 hell hounds (Lair:6)
  4 sky beasts
  19 orc warriors
  11 black bears (Lair:6)
  3 phantoms
  2 swamp drakes (Swamp:1)
  60 wolves
  15 ogres
  15 centaurs
  6 big kobolds
  14 bullfrogs
  A wyvern skeleton (D:11)
  3 scorpions
  19 killer bees
  18 wights
  6 electric eels
  7 howler monkeys
  2 bullfrog zombies
  A quasit (D:12)
  6 jellies
  Crazy Yiuf (D:3)
  9 orc priests
  6 centaur skeletons
  7 hounds
  14 orc wizards
  2 iguanas
  Ijyb (D:4)
  7 worker ants
  2 killer bee zombies
  A hound zombie (D:5)
  A hound skeleton (D:4)
  A worker ant zombie (D:9)
  5 gnolls
  14 adders
  3 shadow imps
  14 white imps
  9 ufetubi
  2 oozes
  2 adder skeletons
  3 adder zombies
  2 worms
  2 dart slugs
  8 leopard geckos
  64 orcs
  7 giant cockroaches
  7 hobgoblins
  7 jackals
  26 kobolds
  6 quokkas
  3 ball pythons
  5 bats
  2 frilled lizards
  3 goblins (D:3)
  2 jackal skeletons (D:4)
  A leopard gecko skeleton (D:8)
  A quokka skeleton (D:4)
  A quokka zombie (D:5)
  3 rats
888 creatures vanquished.

Vanquished Creatures (others)
  A human (Lair:6)
  A wolf (D:10)
  4 white imps (IceCv)
  3 ufetubi (IceCv)
  A kobold (D:12)
  A bush (D:4)
  165 fulminant prisms
  54 fungi
  130 plants
360 creatures vanquished.

Grand Total: 1248 creatures vanquished

Notes
Turn   | Place    | Note
-------+----------+-------------------------------------------
     0 | D:1      | lorenzova the Deep Elf Conjurer began the quest for the
                  | Orb.
     0 | D:1      | Reached XP level 1. HP: 10/10 MP: 6/6
   231 | D:1      | Reached XP level 2. HP: 15/15 MP: 5/8
   235 | D:1      | Learned a level 2 spell: Searing Ray
  1007 | D:2      | Reached skill level 4 in Spellcasting
  1031 | D:2      | Reached skill level 5 in Conjurations
  1031 | D:2      | Reached XP level 3. HP: 19/19 MP: 5/10
  1121 | D:2      | Found a white marble altar of Elyvilon.
  1671 | D:2      | Identified the Collected Works on Transformation
  1784 | D:3      | Reached XP level 4. HP: 24/24 MP: 9/12
  1882 | D:3      | Reached skill level 5 in Spellcasting
  2184 | D:3      | Found an opulent altar of Gozag.
  2217 | D:3      | Noticed Grinder
  2221 | D:3      | Paralysed by Grinder for 4 turns
  2244 | D:3      | Killed Grinder
  2244 | D:3      | Reached skill level 6 in Spellcasting
  2244 | D:3      | Reached XP level 5. HP: 11/28 MP: 1/16
  2244 | D:3      | Reached XP level 6. HP: 13/32 MP: 1/17
  2706 | D:3      | Found a runed translucent door.
  2707 | D:3      | Noticed Crazy Yiuf
  2844 | D:3      | Killed Crazy Yiuf
  2878 | D:3      | Lost strength.
  3020 | D:4      | Reached skill level 7 in Spellcasting
  3268 | D:4      | Reached XP level 7. HP: 22/36 MP: 15/19
  3494 | D:4      | Found a blossoming altar of Fedhas.
  3579 | D:4      | Reached skill level 8 in Spellcasting
  3628 | D:4      | Noticed Edmund
  3638 | D:4      | Killed Edmund
  3767 | D:4      | Learned a level 3 spell: Conjure Flame
  3770 | D:4      | Learned a level 2 spell: Blink
  3775 | D:4      | Learned a level 4 spell: Iskenderun's Mystic Blast
  3780 | D:4      | Learned a level 4 spell: Fulminant Prism
  3804 | D:4      | Found a white marble altar of Elyvilon.
  3892 | D:4      | Reached skill level 9 in Spellcasting
  3892 | D:4      | Reached XP level 8. HP: 41/41 MP: 18/23
  3985 | D:4      | Noticed Ijyb
  3992 | D:4      | Killed Ijyb
  4386 | D:5      | Entered Level 5 of the Dungeon
  4505 | D:5      | Reached skill level 1 in Fire Magic
  4577 | D:5      | Reached skill level 1 in Hexes
  4590 | D:5      | Reached skill level 10 in Spellcasting
  4590 | D:5      | Reached skill level 1 in Translocations
  4915 | D:5      | Found a runed translucent gate.
  4916 | D:5      | Found a runed translucent gate.
  4916 | D:5      | Noticed Danir's ghost (novice DsFi)
  4917 | D:5      | Found a runed translucent gate.
  4917 | D:5      | Identified the +8 hunting sling "Xoiker" {speed, MR+ SInv}
  4917 | D:5      | Identified the +2 scale mail of Tartarus {Rampage Str+6
                  | Dex+10 Stlth-}
  4918 | D:5      | Found a roughly hewn altar of Beogh.
  5095 | D:6      | Found a glowing golden altar of the Shining One.
  5485 | D:6      | Found a transporter.
  5488 | D:6      | Found a transporter.
  5488 | D:6      | Noticed harkrass's ghost (amateur GnSu)
  5502 | D:6      | Reached XP level 9. HP: 45/45 MP: 17/25
  5637 | D:6      | Found a blossoming altar of Fedhas.
  5643 | D:6      | Found a stormy altar of Qazlal.
  5676 | D:6      | Found a shimmering altar of Xom.
  5679 | D:6      | Found a hide-covered altar of Uskayaw.
  5679 | D:6      | Found an ancient bone altar of Kikubaaqudgha.
  5789 | D:6      | Found a staircase to the Ecumenical Temple.
  5809 | Temple   | Entered the Ecumenical Temple
  5948 | Temple   | Became a worshipper of Vehumet
  6299 | D:7      | Noticed Maggie
  6442 | D:7      | You fall into a shaft and drop 1 floor!
  6714 | D:8      | Found Aniyng's Armour Shoppe.
  6733 | D:8      | Reached skill level 10 in Conjurations
  6735 | D:8      | Reached skill level 11 in Spellcasting
  7104 | D:8      | Reached * piety under Vehumet
  7104 | D:8      | Offered knowledge of Shock by Vehumet.
  7106 | D:8      | Found an iron altar of Okawaru.
  7806 | D:9      | Reached skill level 5 in Fire Magic
  7810 | D:9      | Noticed a troll
  7816 | D:9      | Killed a troll
  8003 | D:9      | Identified the ring "Kyeta" {rF+ Stlth+}
  8007 | D:9      | Reached XP level 10. HP: 50/50 MP: 19/27
  8055 | D:9      | Noticed a two-headed ogre
  8063 | D:9      | Killed a two-headed ogre
  8063 | D:9      | Offered knowledge of Foxfire by Vehumet.
  8146 | D:9      | Reached ** piety under Vehumet
  8647 | D:9      | Reached skill level 12 in Spellcasting
  8862 | D:9      | Found a burning altar of Makhleb.
  8954 | D:9      | Found a shimmering blue altar of Sif Muna.
  8976 | D:10     | Entered Level 10 of the Dungeon
  8987 | D:10     | Noticed Grum
  8988 | D:10     | Reached skill level 5 in Hexes
  9282 | D:10     | Offered knowledge of Stone Arrow by Vehumet.
  9428 | D:10     | Found a staircase to the Orcish Mines.
  9510 | D:10     | Killed Grum
  9594 | D:10     | Reached *** piety under Vehumet
  9836 | D:10     | Found a shimmering altar of Xom.
  9838 | D:10     | Found the +7 mace of Variability {chain chaos}
  9887 | D:10     | Found a staircase to the Lair.
 10014 | D:10     | Offered knowledge of Inner Flame by Vehumet.
 10221 | D:10     | Reached skill level 5 in Translocations
 10253 | D:10     | Found Fiarchoa's Magic Scroll Boutique.
 10261 | D:10     | Bought a scroll of identify for 26 gold pieces
 10261 | D:10     | Bought a scroll of identify for 26 gold pieces
 10261 | D:10     | Bought a scroll of identify for 26 gold pieces
 10261 | D:10     | Bought a scroll of amnesia for 45 gold pieces
 10366 | D:11     | Reached XP level 11. HP: 48/54 MP: 25/29
 10584 | D:11     | Reached skill level 13 in Spellcasting
 11069 | D:11     | Noticed a two-headed ogre
 11083 | D:11     | Killed a two-headed ogre
 11128 | D:11     | Noticed a boulder beetle
 11536 | D:11     | Reached **** piety under Vehumet
 11818 | D:11     | Found a stormy altar of Qazlal.
 11998 | D:12     | Offered knowledge of Sticky Flame by Vehumet.
 12011 | D:12     | Noticed a boulder beetle
 12315 | D:12     | Got a steaming ring mail
 12377 | D:12     | Noticed a purple ugly thing
 12388 | D:12     | Killed a purple ugly thing
 12684 | D:12     | HP: 2/54 [enormous slime creature (28)]
 12687 | D:12     | Reached skill level 14 in Spellcasting
 13029 | D:12     | Noticed a deep elf mage
 13035 | D:12     | Killed a deep elf mage
 13622 | D:11     | Learned a level 4 spell: Sticky Flame
 13715 | D:12     | Noticed a five-headed hydra
 13724 | D:12     | Killed a five-headed hydra
 13724 | D:12     | Reached XP level 12. HP: 59/59 MP: 25/32
 14025 | D:12     | Killed a boulder beetle
 14356 | D:12     | Identified the cursed +0 ring mail of Wiurremu {Str+8
                  | Int+4} (You found it on level 12 of the Dungeon)
 14663 | Lair:1   | Entered Level 1 of the Lair of Beasts
 14711 | Lair:1   | Reached ***** piety under Vehumet
 14711 | Lair:1   | Offered knowledge of Lightning Bolt by Vehumet.
 14714 | Lair:1   | Noticed a four-headed hydra
 14718 | Lair:1   | Learned a level 5 spell: Lightning Bolt
 14729 | Lair:1   | Killed a four-headed hydra
 14729 | Lair:1   | Reached skill level 10 in Fire Magic
 14835 | Lair:1   | Noticed an eight-headed hydra
 14852 | Lair:1   | Killed an eight-headed hydra
 14852 | Lair:1   | Reached skill level 1 in Air Magic
 15468 | Lair:1   | Noticed a fire dragon
 15483 | Lair:1   | Killed a fire dragon
 15483 | Lair:1   | Reached skill level 15 in Spellcasting
 16650 | Lair:2   | Reached XP level 13. HP: 63/63 MP: 27/34
 17040 | Lair:2   | HP: 3/63 [wolf (8)]
 17981 | Lair:2   | Reached skill level 5 in Air Magic
 18373 | Lair:2   | Found a staircase to the Swamp.
 19105 | Lair:3   | Reached skill level 16 in Spellcasting
 19611 | Lair:3   | Noticed Gastronok
 19636 | Lair:3   | Killed Gastronok
 20117 | Lair:3   | Found a hole to the Spider Nest.
 20586 | Lair:4   | Offered knowledge of Orb of Destruction by Vehumet.
 20589 | Lair:4   | Reached XP level 14. HP: 68/68 MP: 31/36
 21020 | Lair:4   | Learned a level 7 spell: Orb of Destruction
 21026 | Lair:4   | Learned a level 5 spell: Fireball
 21561 | Lair:5   | Reached skill level 15 in Conjurations
 21622 | Lair:4   | Reached ****** piety under Vehumet
 21818 | Lair:5   | Reached skill level 17 in Spellcasting
 22588 | Lair:6   | Entered Level 6 of the Lair of Beasts
 22588 | Lair:6   | Found a staircase to the Slime Pits.
 22588 | Lair:6   | Found a viscous altar of Jiyva.
 22619 | Lair:6   | Offered knowledge of Irradiate by Vehumet.
 23276 | Lair:6   | Reached XP level 15. HP: 72/72 MP: 27/38
 23372 | Lair:6   | Noticed Kirke
 23378 | Lair:6   | Killed Kirke
 23557 | Lair:6   | HP: 1/72 [poisoned by a cane toad]
 23928 | Lair:6   | Reached skill level 18 in Spellcasting
 23955 | Lair:6   | Offered knowledge of Bolt of Magma by Vehumet.
 24995 | Lair:6   | Reached skill level 10 in Air Magic
 25254 | Lair:6   | Offered knowledge of Yara's Violent Unravelling by Vehumet.
 25614 | Lair:6   | Identified 2 scrolls of acquirement
 25614 | Lair:6   | Acquired the -2 helmet of Otu Iguh {MR++ Str+2}
 25721 | Lair:6   | Acquired a book of Annihilations
 25885 | Lair:1   | Learned a level 8 spell: Ignition
 25951 | Orc:1    | Entered Level 1 of the Orcish Mines
 26257 | Orc:1    | Found a transporter.
 26286 | Orc:1    | Noticed kannibaal's ghost (journeyman MiBe)
 26328 | Orc:1    | Found a transporter.
 26677 | Orc:2    | Entered Level 2 of the Orcish Mines
 26967 | Orc:2    | Noticed Nessos
 26970 | Orc:2    | Killed Nessos
 27440 | Orc:2    | Noticed Rupert
 27445 | Orc:2    | Found a staircase to the Elven Halls.
 27745 | Orc:2    | Killed Rupert
 27871 | Orc:2    | Found Foes's Magic Scroll Shop.
 27871 | Orc:2    | Found Birikh's Distillery.
 27873 | Orc:2    | Found Okasod Vutim's Jewellery Shop.
 27873 | Orc:2    | Found Vuck's Armour Emporium.
 28040 | Orc:2    | Bought a potion of heal wounds for 90 gold pieces
 28040 | Orc:2    | Bought a potion of heal wounds for 90 gold pieces
 28040 | Orc:2    | Bought a potion of heal wounds for 90 gold pieces
 28045 | Orc:2    | Bought a scroll of identify for 30 gold pieces
 28045 | Orc:2    | Bought a scroll of identify for 30 gold pieces
 28045 | Orc:2    | Bought a scroll of identify for 30 gold pieces
 28045 | Orc:2    | Bought a scroll of teleportation for 45 gold pieces
 28045 | Orc:2    | Bought a scroll of identify for 30 gold pieces
 28045 | Orc:2    | Bought a scroll of magic mapping for 52 gold pieces
 28045 | Orc:2    | Bought 2 scrolls of identify for 60 gold pieces
 28227 | Swamp:1  | Entered Level 1 of the Swamp
 28364 | Swamp:1  | Reached XP level 16. HP: 76/76 MP: 28/40
 28633 | Swamp:1  | Reached skill level 19 in Spellcasting
 28870 | Swamp:1  | Noticed Frances
 28876 | Swamp:1  | Killed Frances
 29279 | Swamp:2  | Found a frozen archway.
 29494 | Swamp:2  | Reached skill level 15 in Fire Magic
 29733 | Swamp:2  | Offered knowledge of Iron Shot by Vehumet.
 29928 | IceCv    | Entered an ice cave
 31846 | IceCv    | Got a twisted short sword
 31919 | IceCv    | Identified the cursed +2 short sword of Hyto {vorpal, *Slow
                  | rC+++ rN+ MP+9} (You found it in an ice cave)
 32039 | Swamp:2  | Reached skill level 1 in Shields
 32738 | Swamp:2  | Slain by an alligator

Illustrated notes

Levels and vault maps discovered:
D:1:      dpeg_arrival_prison, layout_basic, glass_columns_a, solitary_fountain,
          lemuel_another_geyser
D:2:      layout_rooms, minivault_5, elyvilon_altar_3
D:3:      wander_river, layout_basic, nicolae_overflow_crystal_walls,
          minmay_cut_off, uniq_grinder, uniq_crazy_yiuf_cottage
D:4:      layout_basic, kennysheep_little_box, hangedman_feature_mirror,
          chequers_serial_rivers_micro_c, kennysheep_path_1,
          fedhas_bush_and_centaur_altar, uniq_edmund, uniq_ijyb
D:5:      layout_cave_pools, biasface_ghost_orc_armoury,
          chequers_serial_rivers_small_3
D:6:      layout_basic, grunt_temple_overflow_forces_of_nature, tso_metal_star,
          chequers_temple_overflow_statue_of_worship,
          minmay_temple_entry_purple_smoke, gammafunk_ghost_arena,
          kennysheep_cross_room
D:7:      layout_rooms, uniq_maggie
D:8:      layout_basic, lemuel_crystal_altar, serial_shops,
          nicolae_shop_window_shopping
D:9:      layout_rooms, tgw_sif, marbit_many_paths
D:10:     layout_basic, erik_lair_island, orc_0_dummy, serial_shops,
          shop_fountains, minmay_guarded_unrand_variability, uniq_grum
D:11:     layout_irregular_city, grunt_qazlal_clouds
D:12:     layout_loops_ring
Temple:   minmay_temple_curvy_loop
Lair:1:   dragon1_lemuel, layout_gridlike
Lair:2:   layout_regular_city, nicolae_swamp_entry_splash_gauntlet,
          grunt_forest_large_clearings, grunt_megastairs_3
Lair:3:   layout_hall_layers, spider_nest_entry_funnel_web,
          chequers_serial_rivers_small_3, uniq_gastronok
Lair:4:   layout_cave_shapes
Lair:5:   layout_misc_corridors, minivault_27, grunt_megastairs_5,
          minmay_lair_oklob_chamber
Lair:6:   hangedman_lair_tendril_chambers, layout_regular_city,
          hangedman_lair_caniforms_friends, slime_altar_1, lemuel_fruit_tree,
          uniq_kirke
Swamp:1:  layout_basic_swamp, hangedman_swamp_pad, swamp_pool2,
          nicolae_swamp_spriggan_camp, infiniplex_staircase_pool_2, uniq_frances
Swamp:2:  layout_falls_marsh, portal_ice_cave_entry_pillars_four,
          nicolae_swamp_triple_paths
Swamp:3:  layout_falls_marsh, evilmike_swamp_ruin_house_6, swamp_pool2,
          roderic_carrion_pond, infiniplex_staircase_pool
Orc:1:    layout_caves, gammafunk_ghost_stat_death
Orc:2:    grunt_orc_tribal_feast, layout_diamond_mine, uniq_rupert, uniq_nessos

Skill      XL: |  1  2  3  4  5  6  7  8  9 10 11 12 13 14 15 16 |
---------------+-------------------------------------------------+-----
Spellcasting   | 4 6 7 9 10 11 12 14 15 16 17 18 19 | 19.5
Conjurations   | 5 6 7 8 9 10 11 12 13 14 15 16 17 | 17.2
Fire Magic     | 3 5 7 9 10 12 13 14 15 | 15.3
Hexes          | 2 4 5 7 9 |  9.0
Translocations | 2 3 5 6 |  6.0
Air Magic      | 3 6 9 10 11 | 11.5
Shields        | 1 |  1.5
Dodging        | |  2.4
Stealth        | |  2.4

Action                   |  1- 3 |  4- 6 |  7- 9 | 10-12 | 13-15 | 16-18 || total
-------------------------+-------+-------+-------+-------+-------+-------++-------
Melee: Short sword       |       |       |       |     2 |     1 |       ||     3
       Staff             |       |       |       |       |       |     2 ||     2
 Cast: Magic Dart        |    54 |    49 |   133 |   100 |    30 |     3 ||   369
       Searing Ray       |     2 |    12 |    73 |   100 |    21 |       ||   208
       Conjure Flame     |       |       |    18 |    48 |     1 |     1 ||    68
       Iskenderun's Myst |       |       |     8 |    92 |    91 |    24 ||   215
       Fulminant Prism   |       |       |     7 |    93 |    63 |     3 ||   166
       Sticky Flame      |       |       |       |     4 |    29 |     1 ||    34
       Lightning Bolt    |       |       |       |       |    91 |    14 ||   105
       Fireball          |       |       |       |       |   218 |   103 ||   321
       Orb of Destructio |       |       |       |       |     7 |       ||     7
       Blink             |       |       |       |       |     3 |       ||     3
Evoke: Wand              |       |     3 |       |       |       |     3 ||     6
  Use: Potion            |     3 |     2 |       |     1 |     6 |     3 ||    15
       Scroll            |     5 |     2 |     4 |    10 |    21 |     4 ||    46
Armor: Robe              |     2 |     3 |     6 |     4 |       |       ||    15
       Skin              |       |     5 |       |       |       |       ||     5
       Steam dragon scal |       |       |       |     8 |       |       ||     8
       Ring mail         |       |       |       |    12 |    28 |     2 ||    42
Dodge: Dodged            |       |    17 |    51 |    94 |    54 |     7 ||   223
Block: Buckler           |       |       |       |       |       |     4 ||     4

Table legend: (Time is in decaauts)
 A = Elapsed time spent in this place.
 B = Non-inter-level travel time spent in this place.
 C = Inter-level travel time spent in this place.
 D = Time resting spent in this place.
 E = Time spent auto-exploring this place.
 F = Levels seen in this place.
 G = Mean time per level.
                   A        B        C        D        E       F      G
               +--------+--------+--------+--------+--------+-----+--------+
         Total |  32968 |  31515 |   1453 |  14688 |  12156 |  25 | 1318.7 |
       Dungeon |  14738 |  14204 |    534 |   5939 |   6222 |  12 | 1228.2 |
        Temple |    156 |    139 |     17 |      0 |    134 |   1 |  156.0 |
          Lair |  11322 |  10674 |    648 |   5117 |   4070 |   6 | 1887.0 |
         Swamp |   2548 |   2485 |     63 |   1298 |    941 |   3 |  849.3 |
  Orcish Mines |   2139 |   1950 |    189 |    763 |    752 |   2 | 1069.5 |
      Ice Cave |   2062 |   2062 |      0 |   1571 |     36 |   1 | 2062.0 |
               +--------+--------+--------+--------+--------+-----+--------+

Top non-repeatable levels by time:
  Lair:6: 2830 daAuts
  Lair:2: 2343 daAuts
    D:12: 2333 daAuts
  Lair:1: 2331 daAuts
   IceCv: 2062 daAuts
    D:11: 1910 daAuts
  Lair:3: 1710 daAuts
 Swamp:1: 1538 daAuts
     D:8: 1515 daAuts
   Orc:2: 1435 daAuts
     D:3: 1384 daAuts
    D:10: 1359 daAuts
     D:9: 1303 daAuts
     D:4: 1250 daAuts
  Lair:5: 1163 daAuts
